 Dungeon Crawl Stone Soup version 0.28.0-43-g3370ac3207 (webtiles) character file.

Game seed: 10197360293946421592

389 Cykl0x the Digger (level 6, -8/33 HPs)
             Began as a Gargoyle Earth Elementalist on Mar 29, 2022.
             Killed from afar by Dowan (13 damage)
             ... with a shard of ice
             ... on level 4 of the Dungeon.
             The game lasted 00:13:18 (4289 turns).

Cykl0x the Digger (Gargoyle Earth Elementalist)     Turns: 4289, Time: 00:13:19

Health: -8/33      AC:  8    Str: 11    XL:     6   Next: 79%
Magic:  1/12       EV: 12    Int: 18    God:
Gold:   198        SH:  0    Dex: 10    Spells: 8/13 levels left

rFire   . . .      SeeInvis .   j - +1 flail
rCold   . . .      Faith    .   (no shield)
rNeg    + + .      Spirit   .   b - +0 robe
rPois   ∞          Reflect  .   q - +0 helmet
rElec   +          Harm     .   (no cloak)
rCorr   .          Rampage  .   (no gloves)
Will    .....                   g - +0 pair of boots
Stlth   ++........              (no amulet)
HPRegen 0.11/turn               i - ring of positive energy
MPRegen 0.13/turn               (no ring)

@: no status effects
A: sickness immunity, AC +4, negative energy resistance 1, electricity
resistance, torment resistance 1, petrification resistance
a: no special abilities


You were on level 4 of the Dungeon.
You visited 1 branch of the dungeon, and saw 4 of its levels.

You collected 198 gold pieces.

Inventory:

Hand Weapons
 e - a +0 club
 j - a +1 flail (weapon)
Missiles
 c - 125 stones
Armour
 b - a +0 robe (worn)
 g - a +0 pair of boots (worn)
 q - a +0 helmet (worn)
 r - a +0 leather armour
Jewellery
 i - a ring of positive energy (left hand)
Wands
 h - a wand of paralysis (4)
Potions
 a - a potion of flight
 d - a potion of attraction
 f - a potion of curing {unknown}
 k - 2 potions of brilliance {unknown}
 m - a potion of might {unknown}
 o - 2 potions of heal wounds {unknown}
 p - a potion of mutation {unknown}


   Skills:
 + Level 0.6 Fighting
 + Level 0.8 Maces & Flails
 + Level 1.7 Dodging
 - Level 2.1 Stealth
 + Level 4.0 Spellcasting
 * Level 2.7 Conjurations
 - Level 0.7 Transmutations
 + Level 6.4 Earth Magic


You had 8 spell levels left.
You knew the following spells:

 Your Spells              Type           Power      Damage    Failure   Level
a - Sandblast             Erth           52%        2d12      1%          1
b - Magic Dart            Conj           52%        1d5       4%          1
c - Stone Arrow           Conj/Erth      40%        3d9       7%          3

Your spell library contained the following spells:

 Spells                   Type           Power      Damage    Failure   Level
 Passwall                 Tmut/Erth      13%        N/A       5%          2
 Pain                     Necr           12%        1d4       14%         1
 Slow                     Hex            12%        N/A       14%         1
 Call Imp                 Summ           3%         N/A       22%         2
 Mephitic Cloud           Conj/Pois/Air  6%         N/A       30%         3
 Petrify                  Tmut/Erth      16%        N/A       34%         4


Dungeon Overview and Level Annotations

Branches:
Dungeon (4/15)
 Temple: D:4-7

Altars:
Ashenzari

Annotations:
D:4 Dowan


Innate Abilities, Weirdness & Mutations

You are immune to sickness and miasma.
Your stone body is resilient. (AC +4)
You are immune to poison.
You resist negative energy. (rN+)
You are resistant to electric shocks. (rElec)
You are resistant to unholy torment.
You are immune to petrification.


Message History

Dowan casts a spell at you. The shard of ice misses you.
Dowan hits you with a +0 dagger.
You sock Dowan!
Dowan is severely wounded.
Dowan hits you with a +0 dagger.
Dowan mumbles some strange words.
Dowan blinks!
Dowan points at you and mumbles some strange words.
The shard of ice misses you.
You hit Dowan but do no damage.
Dowan is severely wounded.
Dowan mumbles some strange words.
Dowan blinks!
Dowan gestures wildly while chanting.
Dowan blinks!
Things that are here:
a +0 short sword; a +0 leather armour Dowan points at you and mumbles some strange words.
The shard of ice misses you.
Dowan casts a spell.
Dowan blinks!
You can't see any susceptible monsters within range! (Use Z to cast anyway.)
Found an escape hatch in the ceiling.
The blast of sand hits Dowan.
Dowan is almost dead.
Dowan misses you.
You completely miss Dowan.
Dowan is almost dead.
Dowan points at you and mumbles some strange words.
The shard of ice hits you!
* * * LOW HITPOINT WARNING * * *
Dowan hits you with a +0 dagger.
* * * LOW HITPOINT WARNING * * *
You barely miss Dowan.
Dowan is almost dead.
Dowan hits you with a +0 dagger.
* * * LOW HITPOINT WARNING * * *
Dowan gestures at you while chanting. The shard of ice hits you!
You die...

......# ..)...# ......#
......## .......#
.......##########
...>........)...##
...........####..#######
###........+....@e....<.
######.....#####.#.#.###
..# #.....# #.#.#.
..####.....# #.#.#..
.....#.....# #......
...........# ##.....
#........### #....#
#........########....###
#...............#.#....#


You could see Dowan (fast).

Vanquished Creatures
  Duvessa (D:4)
  A scorpion (D:4)
  A hound (D:4)
  An orc priest (D:3)
  Robin (D:3)
  3 gnolls (D:2)
  3 adders
  2 worms (D:2)
  5 orcs
  5 bats
  5 endoplasms
  3 giant cockroaches
  20 goblins
  5 hobgoblins
  5 jackals
  3 kobolds (D:1)
  3 quokkas
  3 ball pythons
  4 frilled lizards
  9 rats
83 creatures vanquished.

Notes
Turn   | Place    | Note
-------+----------+-------------------------------------------
     0 | D:1      | Cykl0x the Gargoyle Earth Elementalist began the quest for
                  | the Orb.
     0 | D:1      | Reached XP level 1. HP: 10/10 MP: 3/3
   126 | D:1      | Found a faded altar of an unknown god.
   159 | D:1      | Reached XP level 2. HP: 15/15 MP: 3/5
   186 | D:1      | Reached skill level 4 in Earth Magic
   310 | D:1      | Identified a scroll of acquirement
   310 | D:1      | Acquired a book of Minor Magic
   314 | D:1      | Learned a level 1 spell: Magic Dart
   623 | D:1      | Reached skill level 1 in Conjurations
   802 | D:1      | Reached XP level 3. HP: 18/19 MP: 0/6
   885 | D:1      | Learned a level 3 spell: Stone Arrow
  1983 | D:2      | Reached XP level 4. HP: 24/24 MP: 1/8
  2425 | D:2      | Reached skill level 5 in Earth Magic
  2755 | D:3      | Found a broken altar of Ashenzari.
  3029 | D:3      | Reached XP level 5. HP: 6/28 MP: 0/9
  3029 | D:3      | Noticed Robin
  3041 | D:3      | You fall into a shaft and drop 1 floor!
  3616 | D:3      | Killed Robin
  4062 | D:4      | Reached XP level 6. HP: 33/33 MP: 2/11
  4162 | D:4      | Got Voish's First Steps in Magic
  4182 | D:4      | Reached skill level 6 in Earth Magic
  4264 | D:4      | Noticed Dowan
  4266 | D:4      | Noticed Duvessa
  4272 | D:4      | Killed Duvessa
  4289 | D:4      | Killed from afar by Dowan

Illustrated notes

Levels and vault maps discovered:
D:1:      kilobyte_arrival_exit_the_forest, layout_basic,
          hellmonk_ecumenical_altar_dog_temple, kennysheep_small_spiral,
          minmay_misc_feat_diagonals
D:2:      layout_loops_ring, serial_park_tiny_2
D:3:      layout_rooms, mainiacjoe_overflow_small_starburst, uniq_robin
D:4:      layout_basic, cheibriados_altar_1, lemuel_doored_altar, uniq_duvessa,
          uniq_natasha, uniq_sigmund

Skill      XL: |  1  2  3  4  5  6 |
---------------+-------------------+-----
Earth Magic    | 4 5 6 |  6.4
Conjurations   | 1 2 |  2.7
Spellcasting   | 3 4 |  4.0
Fighting       | |  0.6
Maces & Flails | |  0.8
Dodging        | |  1.7
Stealth        | |  2.1
Transmutations | |  0.7

Action                   |  1- 3 |  4- 6 || total
-------------------------+-------+-------++-------
Melee: Unarmed           |     2 |       ||     2
       Club              |    11 |    10 ||    21
       Flail             |       |    12 ||    12
       Punch             |       |     2 ||     2
 Cast: Sandblast         |    29 |    44 ||    73
       Magic Dart        |    30 |    34 ||    64
       Stone Arrow       |     6 |    15 ||    21
  Use: Scroll            |     2 |     5 ||     7
Armor: Robe              |     5 |    17 ||    22
Dodge: Dodged            |    17 |    27 ||    44
